cohdb
Replays
Latest Replays
All Replays
Popular Replays
Top Player Replays
Match Explorer
How It Works
Community
CoH3 Stats
Reddit
Sign in to upload your games and track your stats! →
Sign in with Steam
Match 41463027
Unlisted
Match 41463027
Overview
Messages
Build Orders
End
Construct Infanterie Kompanie
MG 42 Machine Gun Team
GrW 34 Mortar Team
Selects Terror Battlegroup
Selects Machine Gun Camouflage
MG 42 Machine Gun Team
Construct Panzergrenadier Kompanie
251 Medium Carrier
Panzergrenadier Squad
MG 42 Bunker
Construct Panzer Kompanie
Pioneer Squad
Panzer IV Medium Tank
Selects No Quarter
Panzer Officer Quarters
Stoßtruppen Squad
Stoßtruppen Squad
Panzer IV Medium Tank
Repair Bunker
Panzer IV Medium Tank
Panzer IV Medium Tank
Selects King Tiger Heavy Tank
King Tiger Heavy Tank
Pak 40 Anti-tank Gun Team
Pak 40 Anti-tank Gun Team
Pak 40 Anti-tank Gun Team
Shadeaux
JVevermore
띠우닝
空连梦
LoCo|StetoGuy
NiuZeta
Gravey
Diabolus
0
0
Comments
sign in to comment!
No comments posted yet!